 Dungeon Crawl Stone Soup version 0.27.1 (webtiles) character file.

Game seed: 5201064808930774636

11729 RandomAHole the Severer (level 11, -5/92 (94) HPs)
             Began as a Minotaur Berserker on Aug 23, 2021.
             Was a High Priest of Trog.
             Slain by an orc warrior (19 damage)
             ... on level 1 of the Orcish Mines.
             The game lasted 00:45:09 (9928 turns).

RandomAHole the Severer (Minotaur Berserker)        Turns: 9928, Time: 00:45:10

HP:   -5/92 (94)    AC: 23    Str: 21    XL:     11   Next: 53%
MP:   10/10         EV:  9    Int: 10    God:    Trog [*****.]
Gold: 731           SH:  0    Dex: 14    Spells: 10/10 levels left

rFire    . . .     SeeInvis +   j - +2 battleaxe (vorpal)
rCold    + . .     Faith    .   (shield currently unavailable)
rNeg     + . .     Spirit   .   c - +1 plate armour
rPois    .         Reflect  .   r - +3 crown of Dyrovepreva {rElec Int+2 SInv}
rElec    +         Harm     .   t - +0 cloak
rCorr    .         Rampage  .   n - +0 pair of gloves
Will     .....                  m - +1 pair of boots of Pysirin {rElec Int+4}
Stlth    ..........             x - amulet of the acrobat
HPRegen  0.25/turn              u - ring of protection from cold
MPRegen  0.12/turn              A - ring of positive energy

@: lightly drained
A: horns 2, retaliatory headbutt, hooves 1
a: Renounce Religion, Berserk, Trog's Hand, Brothers in Arms


You were on level 1 of the Orcish Mines.
You worshipped Trog.
Trog was extremely pleased with you.
You visited 2 branches of the dungeon, and saw 11 of its levels.

You collected 731 gold pieces.

Inventory:

Hand Weapons
 a - a +3 hand axe
 j - a +2 vorpal battleaxe (weapon)
 p - a +2 vampiric demon trident
 D - a +4 antimagic battleaxe
Missiles
 l - 6 javelins (quivered)
 G - 2 throwing nets
Armour
 c - a +1 plate armour (worn)
 f - a scarf of harm
 m - the +1 pair of boots of Pysirin (worn) {rElec Int+4}
   (You found it on level 4 of the Dungeon)

   Int:       It affects your intelligence (+4).
   rElec:     It insulates you from electricity.
 n - a +0 pair of gloves (worn)
 r - the +3 crown of Dyrovepreva (worn) {rElec Int+2 SInv}
   (You found it on level 7 of the Dungeon)

   Int:       It affects your intelligence (+2).
   rElec:     It insulates you from electricity.
   SInv:      It lets you see invisible.
 t - a +0 cloak (worn)
Jewellery
 u - a ring of protection from cold (left hand)
 x - an amulet of the acrobat (around neck)
 A - a ring of positive energy (right hand)
Wands
 g - a wand of digging (7)
 h - a wand of paralysis (10)
 s - a wand of mindburst (31)
 v - a wand of flame (39)
 F - a wand of iceblast (9)
Scrolls
 o - 2 scrolls of fog
 w - 3 scrolls of teleportation
 y - a scroll of blinking
 B - a scroll of torment {unknown}
Potions
 b - 3 potions of flight
 d - 2 potions of attraction
 e - 2 potions of curing
 i - a potion of might
 k - 2 potions of brilliance
 q - 2 potions of resistance
 z - a potion of lignification {unknown}
 C - a potion of ambrosia {unknown}
 E - 3 potions of magic {unknown}


   Skills:
 + Level 8.0 Fighting
 * Level 16.7 Axes
 + Level 8.5 Armour
 * Level 7.5 Dodging
 - Level 0.2 Stealth


You had 10 spell levels left.
You didn't know any spells.
Your spell library was empty.

Dungeon Overview and Level Annotations

Branches:
Dungeon (10/15)            Temple (0/1) D:5             Orc (1/2) D:10
   Lair: D:8-11

Altars:
Ashenzari
Fedhas
Hepliaklqana
Okawaru
Qazlal
Uskayaw
Yredelemnul

Shops:
D:8 *


Innate Abilities, Weirdness & Mutations

You have a pair of horns on your head.
You reflexively headbutt those who attack you in melee.
You have large cloven feet.


Message History

Beogh smites you!
The orc knight roars a battlecry!
The orc goes into a battle-frenzy!
An orc sorcerer comes into view. It is wielding a +0 dagger.
The orc sorcerer shouts!
The orc misses you.
You hit the orc warrior.
The orc warrior is moderately wounded.
You hit the orc. You barely miss the orc priest.
The orc hits you with a +2 dagger of draining.
You partially resist.
You feel drained.
The orc warrior hits you with a +0 morningstar!
You slash the orc!
You kill the orc!
Trog accepts your kill.
You closely miss the orc priest. You barely miss the orc warrior.
You hit the orc warrior.
The orc priest calls down the wrath of Beogh upon you.
Pain shoots through your body! The orc warrior barely misses you.
You closely miss the orc priest. Your headbutt misses the orc priest.
You hit the orc warrior. You closely miss the orc warrior.
You barely miss the orc priest.
The orc warrior hits you with a +0 dire flail!!
The orc priest closely misses you. The orc warrior barely misses you.
You furiously retaliate!
You headbutt the orc warrior. You slash the orc priest!
You kill the orc priest!
Trog accepts your kill.
You barely miss the orc warrior. You slash the orc warrior!
You hit the orc knight. The orc warrior barely misses you.
The orc warrior hits you with a +0 morningstar!!
Your plate armour prevents you from hitting the orc priest.
You headbutt the orc priest, but do no damage.
You barely miss the orc warrior. You hit the orc warrior.
You slash the orc knight!
The orc knight hits you with a +0 great sword!
* * * LOW HITPOINT WARNING * * *
The orc priest hits you but does no damage.
The orc warrior hits you with a +0 dire flail!!
You die...

..#...$... ####
.#........##
.#.##...........### #
.................## ..
##........#........##...
.......>................
................ooo.....
..(.)...........@oo.....
............#))##o..#...
................##.#.#
...............## .....
......#........# #.. .
..............## ....
......#.....### ...
............## ..
.............##


You could see an orc knight, an orc sorcerer (strong), 2 orc warriors, an orc
priest (strong) and an orc (strong).

Vanquished Creatures
  2 boulder beetles
  Erica (Orc:1)
  A two-headed ogre (D:9)
  A cyclops (Orc:1)
  Joseph (D:10)
  2 gargoyles (D:10)
  Grinder (D:3)
  A hornet (D:7)
  A centaur simulacrum (D:7)
  2 wraiths (D:10)
  A wyvern (D:9)
  A shadow (D:7)
  15 yaks
  4 vampire mosquitoes (D:10)
  A steam dragon (D:6)
  An acid dragon (D:7)
  2 water moccasins (D:8)
  5 ice beasts (D:7)
  A sky beast (D:5)
  An ogre (D:5)
  5 centaurs
  A bullfrog (D:6)
  4 kobold brigands
  A wyvern zombie (D:6)
  A gnoll sergeant (D:10)
  A water moccasin zombie (D:5)
  A water moccasin skeleton (D:5)
  8 wights (D:7)
  A howler monkey (D:9)
  A bullfrog zombie (D:7)
  3 centaur zombies
  6 orc priests
  2 jellies
  A bullfrog skeleton (D:5)
  2 centaur skeletons (D:6)
  A gnoll shaman (D:6)
  4 iguanas
  13 orc wizards
  8 ogre zombies (D:10)
  A howler monkey zombie (D:8)
  5 gnolls
  9 adders
  A howler monkey skeleton (D:4)
  A shadow imp (D:7)
  3 adder skeletons (D:4)
  3 worms
  4 dart slugs
  30 orcs
  11 endoplasms
  A giant cockroach (D:1)
  11 goblins
  3 hobgoblins (D:1)
  9 jackals (D:2)
  31 kobolds
  4 quokkas
  10 ball pythons
  8 bats
  10 frilled lizards
  2 goblin zombies (D:10)
  3 hobgoblin zombies (D:10)
  4 orc skeletons (D:10)
  16 orc zombies (D:10)
  3 rats (D:1)
292 creatures vanquished.

Vanquished Creatures (others)
  A sky beast (D:7)
  A plant (D:10)
2 creatures vanquished.

Grand Total: 294 creatures vanquished

Notes
Turn   | Place    | Note
-------+----------+-------------------------------------------
     0 | D:1      | RandomAHole the Minotaur Berserker began the quest for the
                  | Orb.
     0 | D:1      | Reached XP level 1. HP: 19/19 MP: 0/0
   350 | D:1      | Reached skill level 4 in Axes
   355 | D:1      | Reached XP level 2. HP: 20/27 MP: 1/1
   482 | D:1      | Found a faded altar of an unknown god.
   799 | D:1      | Reached ** piety under Trog
   806 | D:1      | Reached XP level 3. HP: 33/33 MP: 2/2
  1371 | D:2      | Reached skill level 5 in Axes
  1643 | D:2      | Reached XP level 4. HP: 40/40 MP: 3/3
  2403 | D:3      | Noticed Grinder
  2403 | D:3      | Paralysed by Grinder for 4 turns
  2421 | D:3      | Killed Grinder
  2421 | D:3      | Reached *** piety under Trog
  2422 | D:3      | Reached skill level 7 in Axes
  2422 | D:3      | Reached XP level 5. HP: 36/47 MP: 4/4
  2422 | D:3      | Reached XP level 6. HP: 41/53 MP: 5/5
  3324 | D:4      | Identified the +1 pair of boots of Pysirin {rElec Int+4}
  3385 | D:4      | Reached skill level 8 in Axes
  3459 | D:4      | Reached XP level 7. HP: 59/60 MP: 6/6
  4089 | D:4      | Gained mutation: You are partially covered in iridescent
                  | scales. (AC +2) [potion of mutation]
  4089 | D:4      | Gained mutation: Armour fits poorly on your strangely
                  | shaped body. [potion of mutation]
  4089 | D:4      | Gained mutation: Your muscles are strong. (Str +2) [potion
                  | of mutation]
  4095 | D:4      | Lost mutation: You are partially covered in iridescent
                  | scales. (AC +2) [potion of mutation]
  4095 | D:4      | Lost mutation: Armour fits poorly on your strangely shaped
                  | body. [potion of mutation]
  4095 | D:4      | Lost mutation: Your muscles are strong. (Str +2) [potion of
                  | mutation]
  4095 | D:4      | Gained mutation: You have large cloven feet. [potion of
                  | mutation]
  4120 | D:5      | Entered Level 5 of the Dungeon
  4282 | D:5      | Reached **** piety under Trog
  4504 | D:5      | Reached skill level 9 in Axes
  4624 | D:5      | Reached skill level 5 in Fighting
  4648 | D:5      | Reached skill level 5 in Armour
  4891 | D:5      | Reached XP level 8. HP: 33/68 MP: 7/7
  5376 | D:5      | Found a staircase to the Ecumenical Temple.
  5421 | D:6      | Reached skill level 10 in Axes
  6252 | D:6      | Identified a scroll of acquirement
  6252 | D:6      | Acquired a +2 vorpal battleaxe
  6310 | D:7      | Noticed a hornet
  6318 | D:7      | Killed a hornet
  6319 | D:7      | Reached skill level 11 in Axes
  6319 | D:7      | Reached XP level 9. HP: 58/74 MP: 8/8
  6436 | D:7      | Found a transporter.
  6437 | D:7      | Found the +3 crown of Dyrovepreva {rElec Int+2 SInv}
  6495 | D:7      | Found an iron altar of Okawaru.
  6635 | D:7      | Reached skill level 5 in Dodging
  6899 | D:7      | Identified the +5 war axe "Fakkatit" {freeze, rPois rN+
                  | Str-3}
  6918 | D:7      | Found a transporter.
  6943 | D:7      | Reached skill level 12 in Axes
  7310 | D:8      | Reached skill level 13 in Axes
  7312 | D:8      | Reached XP level 10. HP: 84/84 MP: 9/9
  7318 | D:8      | Found a broken altar of Ashenzari.
  7421 | D:8      | Reached ***** piety under Trog
  7487 | D:8      | Found a stormy altar of Qazlal.
  7542 | D:8      | Found Wicech's Assorted Antiques.
  7667 | D:8      | Found a transporter.
  7667 | D:8      | Found a transporter.
  7667 | D:8      | Noticed a boulder beetle
  7928 | D:8      | Killed a boulder beetle
  7929 | D:8      | Reached skill level 14 in Axes
  8074 | D:9      | Noticed a two-headed ogre
  8082 | D:9      | Killed a two-headed ogre
  8083 | D:9      | Found a hide-covered altar of Uskayaw.
  8279 | D:9      | Found a basalt altar of Yredelemnul.
  8385 | D:9      | Identified the +7 hand crossbow of the Everdark {freeze,
                  | rElec Will+ Str+4 SInv}
  8411 | D:9      | Reached skill level 15 in Axes
  8656 | D:10     | Entered Level 10 of the Dungeon
  8668 | D:10     | Noticed a gargoyle
  8677 | D:10     | Killed a gargoyle
  8678 | D:10     | Found a hazy altar of Hepliaklqana.
  8679 | D:10     | Found a faded altar of an unknown god.
  9007 | D:10     | Found a staircase to the Orcish Mines.
  9017 | D:10     | Received a gift from Trog
  9041 | D:10     | Reached XP level 11. HP: 79/92 MP: 10/10
  9184 | D:10     | Noticed Joseph
  9189 | D:10     | Killed Joseph
  9199 | D:10     | Identified the +9 quarterstaff of the Screaming Gnat
                  | {speed, rN++ MP+9 Int+2 Stlth-}
  9199 | D:10     | Identified the +2 scale mail "Heawudeg" {Will+}
  9201 | D:10     | Found a blossoming altar of Fedhas.
  9354 | D:10     | Noticed a boulder beetle
  9371 | D:10     | Killed a boulder beetle
  9372 | D:10     | Reached skill level 16 in Axes
  9818 | Orc:1    | Entered Level 1 of the Orcish Mines
  9821 | Orc:1    | Noticed Erica
  9832 | Orc:1    | Killed Erica
  9919 | Orc:1    | Noticed an orc knight
  9923 | Orc:1    | Noticed an orc sorcerer
  9928 | Orc:1    | Slain by an orc warrior

Illustrated notes

Levels and vault maps discovered:
D:1:      dpeg_arrival_lava_altar, layout_basic,
          hellmonk_ecumenical_altar_leap_of_faith
D:2:      layout_basic, minmay_joined_circles
D:3:      layout_loops_corners, uniq_grinder
D:4:      layout_gridville, minmay_divided_ellipse
D:5:      layout_gridville, minmay_temple_entry_fiery, grunt_ministairs_6
D:6:      layout_basic, nicolae_overflow_hidden_temple
D:7:      gammafunk_cloud_chamber, layout_loops_ring, okawaru_gym_becter
D:8:      gammafunk_boulding_lane, layout_cave_pools, mainiacjoe_overflow_paths,
          nicolae_qazlal_style_of_elements, serial_shops,
          nicolae_take_the_stairs
D:9:      layout_basic, mainiacjoe_overflow_large_starburst
D:10:     layout_roguey, beargit_hepliaklqana_dungeon_heroes, fedhas_altar_1,
          zombieorc2_lemuel, enter_bailey_3, nzn_sisyphean_effort, uniq_joseph
Orc:1:    layout_caves, nicolae_shop_self_help, uniq_erica

Skill      XL: |  1  2  3  4  5  6  7  8  9 10 11 |
---------------+----------------------------------+-----
Axes           | 4 5 7 8 9 11 13 15 16 | 16.7
Fighting       | 4 5 6 7 8 |  8.0
Armour         | 3 4 5 6 7 8 |  8.5
Dodging        | 3 4 5 6 7 |  7.5
Stealth        | |  0.2

Action                   |  1- 3 |  4- 6 |  7- 9 | 10-12 || total
-------------------------+-------+-------+-------+-------++-------
Melee: Hand axe          |    95 |   137 |   169 |       ||   401
       Headbutt          |    13 |    16 |    47 |    52 ||   128
       Battleaxe         |       |       |    65 |   214 ||   279
Invok: Berserk           |     2 |     1 |     4 |     6 ||    13
  Use: Scroll            |     1 |     9 |     9 |     1 ||    20
       Potion            |       |       |     4 |     1 ||     5
Armor: Leather armour    |    14 |       |       |       ||    14
       Plate armour      |     7 |    97 |   133 |    99 ||   336
       Scale mail        |     4 |       |       |       ||     4
Dodge: Dodged            |    41 |    33 |    74 |    90 ||   238
